 Dungeon Crawl Stone Soup version 0.31-a0-848-gaac375c287 (webtiles) character file.

Game seed: 6775011078749515386

7 MachoJfn the Chiller (level 1, 0/13 HPs)
             Began as a Demonspawn Ice Elementalist on Oct 4, 2023.
             Slain by a goblin
             ... wielding a +0 dagger
              (3 damage)
             ... on level 1 of the Dungeon.
             The game lasted 00:00:29 (56 turns).

MachoJfn the Chiller (Demonspawn Ice Elementalist)    Turns: 56, Time: 00:00:30

Health: 0/13       AC:  2    Str:  8    XL:     1   Next: 91%
Magic:  0/3        EV: 12    Int: 16    God:
Gold:   0          SH:  0    Dex: 13    Spells: 3/4 levels left

rFire   . . .        c - +0 short sword
rCold   . . .        (no shield)
rNeg    . . .        a - +0 robe
rPois   .            (no helmet)
rElec   .            (no cloak)
rCorr   .            (no gloves)
SInv    .            (no boots)
Will    .....        (no amulet)
Stlth   ++           (no ring)
HPRegen 0.22/turn    (no ring)
MPRegen 0.08/turn

%: no passive effects
@: no status effects
A: no striking features
a: no special abilities


You were on level 1 of the Dungeon.
You visited 1 branch of the dungeon, and saw 1 of its levels.

Inventory:

Hand Weapons
 c - a +0 short sword (weapon)
Armour
 a - a +0 robe (worn)
Potions
 b - a potion of magic


   Skills:
 + Level 0.2 Fighting
 + Level 1.8 Dodging
 + Level 1.8 Stealth
 + Level 2.0 Spellcasting
 + Level 3.9 Ice Magic


You had 3 spell levels left.
You knew the following spells:

 Your Spells              Type           Power      Damage    Failure   Level
a - Freeze                Ice            56%        1d7       4%          1

Your spell library contained the following spells:

 Spells                   Type           Power      Damage    Failure   Level
 Frozen Ramparts          Ice            28%        1d5       12%         3
 Ozocubu's Armour         Ice            14%        N/A       12%         3
 Summon Ice Beast         Ice/Summ       7%         N/A       67%         4


Dungeon Overview and Level Annotations

Branches:
Dungeon (1/15)

Altars:


Message History

The ball python closely misses you. The ball python constricts you.
The frilled lizard closely misses you.
You hit the dart slug.
You kill the dart slug!
The ball python bites you. The ball python constricts you.
The frilled lizard barely misses you.
You closely miss the goblin.
The ball python bites you but does no damage.
The ball python constricts you. The frilled lizard closely misses you.
The goblin closely misses you.
Casting: Freeze (safe; 4% risk of failure)
Confirm with . or Enter, or press ? or * to list all spells.
Aiming: Freeze (safe; 4% risk of failure)
Press: ? - help, Shift-Dir - straight line, f - frilled lizard
Aim: a frilled lizard You freeze the frilled lizard.
The frilled lizard is heavily wounded.
The frilled lizard seems to slow down.
The ball python bites you. The ball python constricts you.
The goblin closely misses you.
You barely miss the goblin. The ball python barely misses you.
The ball python constricts you. The frilled lizard barely misses you.
The ball python closely misses you. The ball python constricts you.
The goblin hits you but does no damage.
You hit the frilled lizard.
You kill the frilled lizard!
The ball python bites you but does no damage.
The ball python constricts you. The goblin closely misses you.
You escape the ball python's grasp.
The goblin closely misses you. The ball python bites you.
The ball python closely misses you.
You see here a frilled lizard corpse.
You hit the goblin.
The goblin is moderately wounded.
The ball python barely misses you. The ball python closely misses you.
The goblin hits you with a +0 dagger.
* * * LOW HITPOINT WARNING * * *
You barely miss the goblin.
The goblin is moderately wounded.
The ball python misses you. The ball python closely misses you.
The goblin hits you with a +0 dagger.
You die...

#..!.....####.##
#........#..... ..
#......#...####..
#......#.....#.##
#...............##
#...###...##......
#...#
##..#........
+.S(#
#...........#
#.g@#
##...~~.~....
#..!# #..~~.~.~...
#...# #..~..~.~~..
#...# #..~.~≈≈.≈~.
#...# ##.≈~~≈~≈~..
#...# ##..≈≈~~....
##... #...~≈~.~~..
###. #...~<≈~~..~
#~...~~≈...~


You could see a goblin and a ball python.

Vanquished Creatures
  A dart slug (D:1)
  A bat (D:1)
  2 kobolds (D:1)
  A frilled lizard (D:1)
5 creatures vanquished.

Notes
Turn   | Place    | Note
-------+----------+-------------------------------------------
     0 | D:1      | MachoJfn the Demonspawn Ice Elementalist began the quest
                  | for the Orb.
     0 | D:1      | Reached XP level 1. HP: 13/13 MP: 3/3
    56 | D:1      | Slain by a goblin

Illustrated notes

Levels and vault maps discovered:
D:1:      dpeg_arrival_more_subterranean_lakeside_camping, layout_basic,
          hangedman_decor_slide_cut

Action                     || total
---------------------------++-------
  Melee: Short sword       ||    12
   Cast: Freeze            ||     5
 Armour: Robe              ||    14
  Dodge: Dodged            ||    28

Table legend: (Time is in decaauts)
 A = Elapsed time spent in this place.
 B = Non-inter-level travel time spent in this place.
 C = Inter-level travel time spent in this place.
 D = Time resting spent in this place.
 E = Time spent auto-exploring this place.
 F = Levels seen in this place.
 G = Mean time per level.
                   A        B        C        D        E       F      G
               +--------+--------+--------+--------+--------+-----+--------+
         Total |     56 |     56 |      0 |      0 |     23 |   1 |   56.0 |
       Dungeon |     56 |     56 |      0 |      0 |     23 |   1 |   56.0 |
               +--------+--------+--------+--------+--------+-----+--------+

Top non-repeatable levels by time:
     D:1: 56 daAuts
